 Seeded DCSS version 0.30-a0-137-gd8773701ce (webtiles) character file.

Game seed: 11575364757137126996 (custom seed)

3399 wilfster70 the Fighter (level 10, -3/65 HPs)
             Began as a Gargoyle Ice Elementalist on Sept 22, 2022.
             Was an Initiate of Ashenzari.
             Slain by a slime creature (14 damage)
             ... on level 8 of the Dungeon.
             The game lasted 00:24:50 (10358 turns).

wilfster70 the Fighter (Gargoyle Ice Elementalist) Turns: 10358, Time: 00:24:50

Health: -3/65      AC: 14    Str: 12    XL:     10   Next: 4%
Magic:  17/19      EV: 11    Int: 20    God:    Ashenzari [......]
Gold:   438        SH:  6    Dex: 10    Spells: 11/21 levels left

rFire   . . .      SeeInvis .    a - +0 trident
rCold   . . .      Faith    .    A - +2 buckler "At What Cost Knowledge?" {Bglg, Cun} (curse)
rNeg    + + .      Spirit   .    u - +0 steam dragon scales
rPois   ∞          Reflect  .    g - +0 helmet
rElec   +          Harm     .    (no cloak)
rCorr   .          Rampage  .    (no gloves)
Will    +....                    i - +0 pair of boots
Stlth   ++........               (no amulet)
HPRegen 0.20/turn                t - ring of willpower
MPRegen 0.16/turn                x - ring of positive energy

@: freezing walls
A: sickness immunity, AC +7, negative energy resistance 1, electricity
resistance, torment resistance 1, petrification resistance
a: Renounce Religion, Shatter the Chains


You were on level 8 of the Dungeon.
You worshipped Ashenzari.
Ashenzari was noncommittal.
You visited 2 branches of the dungeon, and saw 10 of its levels.

You collected 438 gold pieces.

Inventory:

Hand Weapons
 a - a +0 trident (weapon)
 b - a +0 sling
Missiles
 n - 8 throwing nets
Armour
 g - a +0 helmet (worn)
 i - a +0 pair of boots (worn)
 u - +0 steam dragon scales (worn)
 A - the cursed +2 buckler "At What Cost Knowledge?" (worn) {Bglg, Cun}
   (You found it on level 5 of the Dungeon)

   It has a curse which improves the following skills: Beguiling: Conjurations,
   Hexes and Translocations.
   Cunning:   Dodging and Stealth.
Magical Staves
 c - a staff of cold
Jewellery
 t - a ring of willpower (left hand)
 x - a ring of positive energy (right hand)
 E - a ring of willpower
Wands
 m - a wand of light (2)
 s - a wand of charming (7)
 D - a wand of mindburst (9)
Scrolls
 l - 4 scrolls of fog
 q - a scroll of blinking {unknown}
 w - a scroll of magic mapping {unknown}
 z - 2 scrolls of enchant weapon {unknown}
 B - a scroll of teleportation {unknown}
 C - a scroll of poison {unknown}
Potions
 d - 2 potions of magic
 e - 2 potions of resistance
 f - a potion of heal wounds
 h - 6 potions of flight
 j - 2 potions of might
 k - 4 potions of curing
 o - 3 potions of mutation
 p - a potion of cancellation
 v - a potion of lignification {unknown}
 y - 3 potions of haste


   Skills:
 - Level 8.6 Fighting
 - Level 4.4 Polearms
 - Level 1.5(1.9) Dodging
 - Level 2.1(2.5) Stealth
 - Level 4.0 Shields
 - Level 6.0 Spellcasting
 * Level 1.3(1.6) Conjurations
 - Level 8.0 Ice Magic
 + Level 0.5 Air Magic
 + Level 0.6 Poison Magic


You had 11 spell levels left.
You knew the following spells:

 Your Spells              Type           Power      Damage    Failure   Level
a - Freeze                Ice            100%       1d11      1%          1
b - Frozen Ramparts       Ice            76%        1d12      1%          3
c - Ozocubu's Armour      Ice            38%        N/A       1%          3
d - Mephitic Cloud        Conj/Pois/Air  9%         N/A       26%         3

Your spell library contained the following spells:

 Spells                   Type           Power      Damage    Failure   Level
 Ensorcelled Hibernation  Hex/Ice        44%        N/A       3%          2
 Beastly Appendage        Tmut           12%        N/A       13%         1
 Necrotise                Necr           24%        1d5       13%         1
 Poisonous Vapours        Pois/Air       16%        N/A       16%         2
 Hailstorm                Conj/Ice       25%        3d7       19%         4
 Blink                    Tloc           12%        N/A       21%         2
 Passwall                 Tmut/Erth      5%         N/A       21%         2
 Wereblood                Tmut           6%         N/A       21%         2
 Swiftness                Air            8%         N/A       32%         3
 Spider Form              Tmut/Pois      7%         N/A       34%         3
 Ignite Poison            Fire/Tmut/Pois 6%         N/A       36%         3
 Vampiric Draining        Necr           6%         2d6       36%         3
 Freezing Cloud           Conj/Ice/Air   9%         6-21      67%         5
 Manifold Assault         Tloc           6%         N/A       78%         4
 Agony                    Necr           6%         N/A       98%         5
 Storm Form               Tmut/Air       3%         N/A       100%        7
 Cigotuvi's Dreadful Rot  Necr/Pois/Air  Unusable   N/A       N/A         2

Dungeon Overview and Level Annotations

Branches:
Dungeon (9/15)             Temple (1/1) D:7
   Lair: D:8-11         Orc: D:9-12

Altars:
Ashenzari
Cheibriados
Dithmenos
Fedhas
Gozag
Hepliaklqana
Kikubaaqudgha
Makhleb
Nemelex Xobeh
Okawaru
Qazlal
Ru
Sif Muna
Trog
Uskayaw
Vehumet
Wu Jian
Xom
Yredelemnul
Zin
The Shining One

Annotations:
D:3 3 runed translucent doors, p0werm0de's ghost, weakling SpEE
D:7 exclusion: 2 downstairs


Innate Abilities, Weirdness & Mutations

You are immune to sickness and miasma.
Your stone body is resilient. (AC +7)
You are immune to poison.
You resist negative energy. (rN+)
You are resistant to electric shocks. (rElec)
You are resistant to unholy torment.
You are immune to petrification.


Message History

You block the slime creature's attack.
You feel much better. You block the slime creature's attack.
Okay, then.
Unknown command.
Casting: Frozen Ramparts (safe; 1% risk of failure)
Confirm with . or Enter, or press ? or * to list all spells.
Casting: Frozen Ramparts (safe; 1% risk of failure)
Press: ? - help, Dir - look around, f - activate The walls around you are covered in ice.
The wall freezes the orc!
The wall freezes the slime creature!
The slime creature hits you!
You barely miss the slime creature.
The slime creature is lightly wounded.
The wall freezes the orc.
You kill the orc!
The wall freezes the slime creature.
The slime creature hits you!
* * * LOW HITPOINT WARNING * * *
You hit the slime creature.
The slime creature is moderately wounded.
The wall freezes the slime creature but does no damage.
The slime creature barely misses you.
You barely miss the slime creature.
The slime creature is moderately wounded.
The wall freezes the slime creature!
The slime creature hits you.
* * * LOW HITPOINT WARNING * * *
You puncture the slime creature!
The slime creature is heavily wounded.
The wall freezes the slime creature.
The slime creature hits you.
* * * LOW HITPOINT WARNING * * *
You hit the slime creature but do no damage.
The slime creature is severely wounded.
The wall freezes the slime creature.
The slime creature closely misses you.
You hit the slime creature.
The slime creature is severely wounded.
The wall freezes the slime creature.
The slime creature hits you.
* * * LOW HITPOINT WARNING * * *
You hit the slime creature.
The slime creature is severely wounded.
The wall freezes the slime creature!
The slime creature hits you!
You die...

##.## #..... ##.##
#..... #8.8# #.....
##.## ###... ##.##
#..... #8o8# ###.....
##.## ###.......
#'############........#
#...)J@...........##.##
##############...##....
#.#....##. ####.### .
###


You could see a slime creature.

Vanquished Creatures
  Maggie (D:7)
  Grinder (D:3)
  A wyvern (D:8)
  A steam dragon (D:8)
  2 orc warriors (D:8)
  A water moccasin (D:6)
  A black bear (D:7)
  3 ogres
  3 centaurs
  A bullfrog (D:8)
  A necrophage (D:6)
  A gnoll sergeant (D:7)
  4 scorpions
  3 killer bees (D:9)
  2 howler monkeys (D:7)
  5 hounds
  6 orc priests
  3 gnoll boudas
  2 jellies
  6 orc wizards
  2 iguanas
  6 adders
  26 gnolls
  4 white imps
  A worm (D:5)
  33 orcs
  5 ball pythons
  7 endoplasms
  2 giant cockroaches
  4 goblins
  9 hobgoblins
  16 jackals
  2 quokkas
  6 bats
  2 frilled lizards
  3 kobolds
  2 rats
178 creatures vanquished.

Vanquished Creatures (others)
  7 demonic plants (D:2)
  5 fungi (D:2)
  4 plants (D:2)
  6 withered plants (D:2)
22 creatures vanquished.

Grand Total: 200 creatures vanquished

Notes
Turn   | Place    | Note
-------+----------+-------------------------------------------
     0 | D:1      | wilfster70 the Gargoyle Ice Elementalist began the quest
                  | for the Orb.
     0 | D:1      | Reached XP level 1. HP: 10/10 MP: 3/3
   280 | D:1      | Reached XP level 2. HP: 15/15 MP: 5/5
   897 | D:2      | Found a basalt altar of Yredelemnul.
   950 | D:2      | Reached XP level 3. HP: 17/19 MP: 4/6
   954 | D:2      | Learned a level 3 spell: Frozen Ramparts
  1241 | D:2      | Reached skill level 5 in Ice Magic
  1241 | D:2      | Reached XP level 4. HP: 2/24 MP: 2/8
  1870 | D:2      | Learned a level 3 spell: Ozocubu's Armour
  1883 | D:2      | Found a faded altar of an unknown god.
  1914 | D:2      | Reached XP level 5. HP: 21/28 MP: 5/9
  2922 | D:3      | Reached skill level 1 in Polearms
  2922 | D:3      | Reached XP level 6. HP: 30/32 MP: 7/11
  3200 | D:3      | Found a runed translucent gate.
  3200 | D:3      | Found a runed translucent gate.
  3200 | D:3      | Found a runed translucent gate.
  3200 | D:3      | Noticed p0werm0de's ghost (weakling SpEE)
  3452 | D:4      | Noticed Grinder
  3453 | D:4      | Paralysed by Grinder for 5 turns
  3472 | D:3      | Killed Grinder
  3473 | D:3      | Reached XP level 7. HP: 27/36 MP: 9/13
  4448 | D:4      | Found a hide-covered altar of Uskayaw.
  4493 | D:5      | Entered Level 5 of the Dungeon
  4629 | D:5      | Found a shimmering altar of Xom.
  4640 | D:5      | Identified a scroll of acquirement
  4640 | D:5      | Acquired a staff of cold
  5524 | D:5      | Reached XP level 8. HP: 38/41 MP: 10/14
  5724 | D:6      | Reached skill level 1 in Shields
  6151 | D:6      | Reached skill level 5 in Spellcasting
  6728 | D:7      | Found a staircase to the Ecumenical Temple.
  6738 | Temple   | Entered the Ecumenical Temple
  6808 | Temple   | Became a worshipper of Ashenzari the Shackled
  7214 | D:7      | Reached XP level 9. HP: 12/45 MP: 7/17
  7688 | D:7      | Noticed Maggie
  7808 | D:7      | Killed Maggie
  8068 | D:8      | Reached skill level 5 in Fighting
  8145 | D:8      | Noticed a cyclops
  8537 | D:8      | HP: 2/54 [cyclops/large rock (40)]
 10131 | D:9      | Reached XP level 10. HP: 49/65 MP: 19/19
 10213 | D:9      | Found a glowing silver altar of Zin.
 10214 | D:9      | Noticed an angel
 10243 | D:9      | Learned a level 3 spell: Mephitic Cloud
 10266 | D:9      | Reached skill level 1 in Conjurations
 10358 | D:8      | Slain by a slime creature

Illustrated notes

Levels and vault maps discovered:
D:1:      psy_arrival_dodecagon, layout_basic
D:2:      minmay_evil_eye, layout_basic, shapermc_ecumenical_altar_gd,
          basic_altar
D:3:      layout_rooms, ebering_ghost_rock_garden, kennysheep_donut,
          minmay_misc_feat_iff
D:4:      layout_cave_pools, general_overflow_altar, uniq_grinder
D:5:      layout_gridville, lemuel_crystal_altar
D:6:      layout_loops_ring
D:7:      layout_rooms, minmay_temple_entry_glassed_door, uniq_maggie
D:8:      layout_cave_pools, serial_gnoll_camp, gnoll_camp_huts_moat,
          gnoll_camp_mini_loothouse, gnoll_camp_mini_basic,
          gnoll_camp_mini_basic, gnoll_camp_medium_01, dk_noncrumbling_2
D:9:      layout_small_grid, zin_angel
Temple:   nicolae_temple_two_arcs

Skill      XL: |  1  2  3  4  5  6  7  8  9 10 |
---------------+-------------------------------+-----
Ice Magic      | 5 6 7 8 |  8.0
Spellcasting   | 3 4 5 6 |  6.0
Polearms       | 1 2 4 |  4.4
Shields        | 4 |  4.0
Fighting       | 8 |  8.6
Conjurations   | 1 |  1.3
Dodging        | |  1.5
Stealth        | |  2.1
Air Magic      | |  0.5
Poison Magic   | |  0.6

Action                   |  1- 3 |  4- 6 |  7- 9 | 10-12 || total
-------------------------+-------+-------+-------+-------++-------
Melee: Dagger            |    43 |     2 |       |       ||    45
       Punch             |     1 |     1 |       |       ||     2
       Spear             |       |    23 |       |       ||    23
       Trident           |       |    26 |   318 |    17 ||   361
 Fire: Sling             |       |    44 |       |       ||    44
 Cast: Freeze            |    25 |     8 |       |       ||    33
       Frozen Ramparts   |     2 |    12 |    45 |     2 ||    61
       Ozocubu's Armour  |       |       |     9 |       ||     9
Invok: Curse Item        |       |       |     1 |       ||     1
Evoke: Wand              |       |       |     2 |       ||     2
  Use: Scroll            |       |     5 |     7 |       ||    12
       Potion            |       |       |     1 |     2 ||     3
 Stab: Sleeping          |     5 |     3 |     8 |       ||    16
Armor: Robe              |    15 |    47 |    88 |       ||   150
       Steam dragon scal |       |       |    64 |     7 ||    71
Dodge: Dodged            |    47 |    65 |   194 |    19 ||   325
Block: Buckler           |       |       |    98 |     9 ||   107

Table legend: (Time is in decaauts)
 A = Elapsed time spent in this place.
 B = Non-inter-level travel time spent in this place.
 C = Inter-level travel time spent in this place.
 D = Time resting spent in this place.
 E = Time spent auto-exploring this place.
 F = Levels seen in this place.
 G = Mean time per level.
                   A        B        C        D        E       F      G
               +--------+--------+--------+--------+--------+-----+--------+
         Total |  10448 |  10214 |    234 |   4497 |   2359 |  10 | 1044.8 |
       Dungeon |  10369 |  10135 |    234 |   4497 |   2359 |   9 | 1152.1 |
        Temple |     78 |     78 |      0 |      0 |      0 |   1 |   78.0 |
               +--------+--------+--------+--------+--------+-----+--------+

Top non-repeatable levels by time:
     D:7: 1712 daAuts
     D:2: 1675 daAuts
     D:8: 1512 daAuts
     D:5: 1190 daAuts
     D:6: 1151 daAuts
     D:3: 1030 daAuts
     D:1: 967 daAuts
     D:4: 915 daAuts
     D:9: 214 daAuts
  Temple: 78 daAuts
